 Dungeon Crawl Stone Soup version 0.27-a0-1256-gced786f65e (webtiles) character file.

Game seed: 16254309039653918046

23 nitastar the Ducker (level 2, -5/11 HPs)
             Began as a Felid Air Elementalist on June 11, 2021.
             Was a Follower of Makhleb.
             Slain by a hobgoblin (7 damage)
             ... led by Robin
             ... on level 2 of the Dungeon.
             The game lasted 00:14:33 (944 turns).

nitastar the Ducker (Felid Air Elementalist)         Turns: 944, Time: 00:14:34

Health: -5/11      AC:  1    Str:  4    XL:     2   Next: 72%
Magic:  6/6        EV: 18    Int: 16    God:    Makhleb [*.....]
Gold:   40         SH:  0    Dex: 16    Spells: 4/5 levels left
                                        Lives:  0   Deaths: 0

rFire    . . .     SeeInvis +   (weapon unavailable)
rCold    . . .     Faith    .   (shield unavailable)
rNeg     . . .     Spirit   .   (armour unavailable)
rPois    .         Reflect  .   (helmet unavailable)
rElec    .         Harm     .   (cloak unavailable)
rCorr    .         Rampage  .   (gloves unavailable)
Will     .....                  (boots unavailable)
Stlth    ++........             (no amulet)
HPRegen  0.03/turn              (no ring)
MPRegen  0.10/turn              (no ring)

@: quick
A: very small, claws 1, fangs 3, see invisible, speed 1, shaggy fur 1, stealthy
paws, no weapons or thrown items, no armour, multi-lived
a: Renounce Religion


You were on level 2 of the Dungeon.
You worshipped Makhleb.
Makhleb was aware of your devotion.
You visited 1 branch of the dungeon, and saw 2 of its levels.

You collected 40 gold pieces.

Inventory:

Hand Weapons
 c - a +0 short sword
 e - a +0 dagger
 g - a +0 club
 m - a +0 dagger
 n - a +0 whip
 q - a +0 club
Missiles
 d - 46 stones
 p - 15 bolts
Armour
 f - a +0 buckler
 j - a +0 chain mail
 l - a +0 kite shield
 r - a +0 chain mail
Jewellery
 k - a +6 ring of strength
Scrolls
 a - a scroll of acquirement {unknown}
 h - a scroll of identify {unknown}
 s - a scroll of fear {unknown}
 t - a scroll of teleportation {unknown}
Potions
 b - a potion of cancellation {unknown}
 i - a potion of attraction {unknown}
 o - a potion of flight {unknown}


   Skills:
 + Level 3.2 Dodging
 + Level 3.0 Stealth
 + Level 2.1 Spellcasting
 + Level 1.1 Conjurations
 + Level 3.1 Air Magic


You had 4 spell levels left.
You knew the following spells:

 Your Spells              Type           Power      Damage    Failure   Level
a - Shock                 Conj/Air       32%        1d5       9%          1

Your spell library contained the following spells:

 Spells                   Type           Power      Damage    Failure   Level
 Static Discharge         Conj/Air       8%         N/A       13%         2
 Swiftness                Air            11%        N/A       17%         3
 Airstrike                Air            5%         N/A       50%         4
 Lightning Bolt           Conj/Air       4%         1d15      93%         5


Dungeon Overview and Level Annotations

Branches:
Dungeon (2/15)

Altars:
Makhleb

Annotations:
D:2 Robin


Innate Abilities, Weirdness & Mutations

You have sharp claws.
You have razor-sharp teeth.
You have supernaturally acute eyesight. (SInv)
You cover ground quickly. (Speed+)
You are covered in fur. (AC +1)
Your paws help you pounce on unaware monsters.
You are incapable of wielding weapons or throwing items.
You cannot wear armour.
You gain extra lives every three experience levels.


Message History

A hobgoblin comes into view.
A goblin comes into view. It is wielding a +0 club.
A goblin comes into view. It is wielding a +0 club.
Robin of the Strong Arm comes into view.
They are wielding a +0 dagger and wearing the +2 helmet of Vehumet's Indignation {rElec Slay+2}.
Robin shouts!
Robin throws the goblin at you!
You closely miss the goblin.
The goblin shouts!
The hobgoblin shouts!
You hear a shout! x2
The goblin misses you.
You barely miss the goblin. The goblin hits you with a +0 club.
Robin roars a battlecry!
The goblins go into a battle-frenzy!
You scratch the goblin.
The goblin is heavily wounded.
The goblin closely misses you.
You barely miss the goblin.
The goblin is heavily wounded.
The goblin barely misses you.
You scratch the goblin.
You kill the goblin!
Makhleb accepts your kill.
Robin says, "My army is invincible!"
You scratch the hobgoblin but do no damage.
Your bite misses the hobgoblin.
A goblin comes into view. It is wielding a +0 club.
The hobgoblin barely misses you.
You barely miss the hobgoblin. The hobgoblin hits you!
Ouch! That really hurt!
* * * LOW HITPOINT WARNING * * *
You scratch the hobgoblin but do no damage.
Robin says, "Bow before me, strongest of all the hobgoblins!"
The hobgoblin closely misses you.
You barely miss the hobgoblin. The hobgoblin misses you.
A hobgoblin comes into view.
You closely miss the hobgoblin.
You bite the hobgoblin, but do no damage.
The hobgoblin barely misses you.
You barely miss the hobgoblin. The hobgoblin hits you!
Ouch! That really hurt!
You die...

#...####...#
##..# ##..##
##..##...###
#..##.....#
..####..#.#
..# #....#
..## ##...#
..
#..<#########
..#
##...@gggggg.
#...########
#......
#.###### ...#
#####


You could see Robin, 2 hobgoblins and 3 goblins.

Vanquished Creatures
  A dart slug (D:1)
  2 bats (D:1)
  An endoplasm (D:1)
  4 goblins
  A hobgoblin (D:1)
  3 jackals (D:2)
  3 kobolds (D:1)
  A quokka (D:1)
  A ball python (D:1)
17 creatures vanquished.

Notes
Turn   | Place    | Note
-------+----------+-------------------------------------------
     0 | D:1      | nitastar the Felid Air Elementalist began the quest for the
                  | Orb.
     0 | D:1      | Reached XP level 1. HP: 7/7 MP: 4/4
   322 | D:1      | Found a faded altar of an unknown god.
   327 | D:1      | Reached XP level 2. HP: 2/11 MP: 3/6
   359 | D:1      | Became a worshipper of Makhleb the Destroyer
   359 | D:1      | Reached * piety under Makhleb
   430 | D:1      | Reached skill level 1 in Conjurations
   933 | D:2      | Identified the +2 helmet of Vehumet's Indignation {rElec
                  | Slay+2}
   933 | D:2      | Noticed Robin
   944 | D:2      | Slain by a hobgoblin

Illustrated notes

Levels and vault maps discovered:
D:1:      amcnicky_arrival_gap_in_the_tavern_cellar, layout_basic, serial_glass,
          glass_columns_c, glass_columns_a, basic_ecumenical_altar,
          lemuel_another_geyser
D:2:      layout_loops_ring, minmay_misc_feat_x, uniq_robin

Skill      XL: |  1  2 |
---------------+-------+-----
Air Magic      | 3 |  3.1
Dodging        | 3 |  3.2
Conjurations   | 1 |  1.1
Stealth        | 3 |  3.0
Spellcasting   | |  2.1

Action                   || total
-------------------------++-------
Melee: Unarmed           ||    42
       Bite              ||     3
 Cast: Shock             ||    14
 Stab: Sleeping          ||     2
Armor: Skin              ||     4
Dodge: Dodged            ||    48

Table legend: (Time is in decaauts)
 A = Elapsed time spent in this place.
 B = Non-inter-level travel time spent in this place.
 C = Inter-level travel time spent in this place.
 D = Time resting spent in this place.
 E = Time spent auto-exploring this place.
 F = Levels seen in this place.
 G = Mean time per level.
                   A        B        C        D        E       F      G
               +--------+--------+--------+--------+--------+-----+--------+
         Total |    772 |    662 |    110 |      0 |      0 |   2 |  386.0 |
       Dungeon |    772 |    662 |    110 |      0 |      0 |   2 |  386.0 |
               +--------+--------+--------+--------+--------+-----+--------+

Top non-repeatable levels by time:
     D:1: 690 daAuts
     D:2: 82 daAuts
